 Dungeon Crawl Stone Soup version 0.19-a0-1908-g43c011f (webtiles) character file.

551 Eptagon the Chopper (level 7, -2/50 HPs)
             Began as an Octopode Berserker on Oct 22, 2016.
             Was a Priest of Trog.
             Slain by Edmund
             ... wielding a +1 flail of protection
              (10 damage)
             ... on level 5 of the Dungeon.
             The game lasted 00:05:05 (3553 turns).

Eptagon the Chopper (Octopode Berserker)            Turns: 3553, Time: 00:05:06

Health: -2/50      AC:  1    Str: 16    XL:     7   Next: 29%
Magic:  7/7        EV: 16    Int: 10    God:    Trog [***...]
Gold:   352        SH:  0    Dex: 13    Spells: 0 memorised, 6 levels left

rFire  . . .     SeeInvis .     a - +1 hand axe
rCold  . . .     Gourm    .     (no shield)
rNeg   . . .     Faith    .     (helmet restricted)
rPois  .         Spirit   .     (no amulet)
rElec  .         Reflect  .     (no ring)
rCorr  .         Harm     .     (no ring)
MR     .....                    (no ring)
Stlth  ++........               (no ring)
                                (no ring)
                                (no ring)
                                (no ring)
                                (no ring)

@: exhausted, slowed, very slow
A: almost no armour, stealthy swim, amphibious, 8 rings, constrict 8, camouflage
1, gelatinous body 1
a: Berserk, Trog's Hand, Burn Spellbooks, Renounce Religion


You were on level 5 of the Dungeon.
You worshipped Trog.
Trog was most pleased with you.
You were very hungry.

You visited 1 branch of the dungeon, and saw 5 of its levels.

You collected 352 gold pieces.

Inventory:

Hand Weapons
 a - a +1 hand axe (weapon)
Scrolls
 c - a scroll of remove curse
 f - 2 scrolls of enchant weapon
 t - a scroll of immolation {unknown}
Potions
 d - a potion of curing {unknown}
 h - a potion of mutation {unknown}
 k - a potion of cancellation {unknown}
 l - a potion of lignification {unknown}
 m - 3 potions of haste
 o - a potion of flight
 u - a potion of resistance
Books
 e - a book of Maledictions

   Spells                             Type                      Level
   a - Corona                         Hexes                        1
   b - Ensorcelled Hibernation        Hexes/Ice                    2
   c - Confuse                        Hexes                        3
   d - Tukima's Dance                 Hexes                        3
   e - Dazzling Spray                 Conjuration/Hexes            3
   Trog disapproves of the use of such an item.
Comestibles
 b - 7 bread rations
 g - 3 chunks of flesh
 p - 2 meat rations
 q - 2 slices of pizza
 s - a beef jerky


   Skills:
 + Level 5.1 Fighting
 + Level 5.3 Axes
 + Level 5.3 Dodging


You had 6 spell levels left.
You didn't know any spells.

Dungeon Overview and Level Annotations

Branches:
Dungeon (5/15)             Temple (0/1) D:4

Altars:
Elyvilon
Vehumet
Zin

Annotations:
D:5 Edmund


Innate Abilities, Weirdness & Mutations

You cannot wear most types of armour.
You are very stealthy in the water. (Stealth+)
You are amphibious.
You can wear up to eight rings at the same time.
You can use your tentacles to constrict eight enemies at once.
Your skin changes colour to match your surroundings (Stealth+).
Your rubbery body absorbs attacks. (AC +1, EV +1)


Message History

Edmund hits you with a flail of protection.
Edmund completely misses you.
You barely miss Edmund. You grab Edmund.
You constrict Edmund, but do no damage.
Edmund asks, "Have you met my wondrous brother?"
Edmund hits you with a flail of protection.
You hit Edmund. Your squeeze misses Edmund.
Edmund is lightly wounded.
You constrict Edmund.
Edmund hits you with a flail of protection! x2
You hit Edmund but do no damage.
Edmund is moderately wounded.
You constrict Edmund.
Edmund hits you with a flail of protection!
* * * LOW HITPOINT WARNING * * *
Edmund closely misses you.
You release your grip on Edmund.
Edmund misses you.
Okay, then.
Edmund hits you with a flail of protection!
You die...

##.. ##### ##....
......### ###......##
........###......@..
...........))......
............)...#.# # .
........##†)###.#.#.#..
...........####........
.......†..@@...........
........#.#####........
####....#.....?........
#......†....#.......#
#.....$.....#.....#..
###.....##.##........
#........########..
#......### #
##......###


You could see Edmund.

Vanquished Creatures
  Sigmund (D:2)
  An orc priest (D:3)
  A hound (D:4)
  An orc wizard (D:3)
  Natasha (thrice) (D:2)
  2 worker ants (D:4)
  A hound skeleton (D:4)
  Robin (D:2)
  2 adders
  4 gnolls (D:5)
  4 worms
  2 dart slugs
  2 leopard geckos
  9 orcs
  4 giant cockroaches
  12 goblins
  8 hobgoblins
  10 jackals
  A quokka (D:3)
  A ball python (D:5)
  5 bats
  3 frilled lizards
  6 kobolds
  11 rats
95 creatures vanquished.

Notes
Turn   | Place    | Note
-------+----------+-------------------------------------------
     0 | D:1      | Eptagon the Octopode Berserker began the quest for the Orb.
     0 | D:1      | Reached XP level 1. HP: 16/16 MP: 1/1
    95 | D:1      | Reached XP level 2. HP: 20/21 MP: 2/2
   516 | D:2      | Noticed Robin
   518 | D:2      | Reached XP level 3. HP: 26/26 MP: 3/3
   529 | D:2      | Killed Robin
   780 | D:2      | Reached ** piety under Trog
   857 | D:2      | Reached XP level 4. HP: 25/31 MP: 4/4
  1046 | D:2      | Noticed Sigmund
  1050 | D:2      | Noticed Natasha
  1056 | D:2      | Killed Sigmund
  1056 | D:2      | Reached XP level 5. HP: 37/37 MP: 5/5
  1059 | D:2      | Killed Natasha
  1059 | D:2      | Reached XP level 6. HP: 43/43 MP: 6/6
  1232 | D:2      | Found a white marble altar of Elyvilon.
  1289 | D:2      | Noticed Natasha
  1297 | D:2      | Killed Natasha
  1474 | D:2      | Noticed Natasha
  1479 | D:2      | Killed Natasha
  1935 | D:3      | Found a radiant altar of Vehumet.
  1939 | D:3      | Found a glowing silver altar of Zin.
  1959 | D:3      | Reached skill level 5 in Dodging
  1997 | D:3      | Reached skill level 5 in Axes
  2678 | D:4      | Found a staircase to the Ecumenical Temple.
  2886 | D:4      | Reached XP level 7. HP: 49/49 MP: 7/7
  3502 | D:5      | Entered Level 5 of the Dungeon
  3520 | D:5      | Reached skill level 5 in Fighting
  3527 | D:5      | Reached *** piety under Trog
  3531 | D:5      | Noticed Edmund
  3553 | D:5      | Slain by Edmund

Vault maps used:
D:1:      shiori_shiawase, st_stairs_10, minmay_rat_gold_closets
D:2:      elyvilon_altar_1, uniq_sigmund, uniq_natasha, uniq_robin
D:3:      minitemple, kennysheep_generic_room_10
D:4:      first_bread
D:5:      minmay_overflow_temple_hex, supply_closet_lemuel, uniq_edmund

Skill      XL: |  1  2  3  4  5  6  7 |
---------------+----------------------+-----
Fighting       | 4 5 |  5.1
Axes           | 4 5 |  5.3
Dodging        | 4 5 |  5.3

Action                   |  1- 3 |  4- 6 |  7- 9 || total
-------------------------+-------+-------+-------++-------
Melee: Hand axe          |    56 |    78 |    33 ||   167
       Constrict         |    20 |    26 |    10 ||    56
       Tentacles         |     7 |    20 |     8 ||    35
Invok: Berserk           |     1 |     2 |     1 ||     4
  Use: Scroll            |       |     8 |       ||     8
       Potion            |       |       |     1 ||     1
 Stab: Sleeping          |     8 |     3 |       ||    11
       Distracted        |     1 |       |       ||     1
  Eat: Chunk             |     1 |     8 |     2 ||    11
Armor: Skin              |     3 |     2 |     3 ||     8
Dodge: Dodged            |    35 |    48 |    34 ||   117
